AoeStats
← MrDude42

Arena

509487886Analyzed
1v1 RM · 7d ago on Sep 26, 2026· 29m 40s· 2 players
Game mode
Random Map
Map size
Tiny (2 player)
Population
200
Speed
Normal
Resources
Standard
Victory
Conquest
Starting age
Dark Age
Ending age
Imperial Age
RankedLock teamsTeams togetherTeam positionsShared explorationLock speedFull tech treeHidden civsTurbo modeCheats
Victory
Defeat
🇨🇴 Bohemians · Colombia
979
+17
🇮🇱 Turks · Israel
1000
-51
nandeque
10:19 Feudal Age
15:27 Castle Age
14:42 Double-Bit Axe
14:45 Horse Collar
15:51 Loom
MrDude42
2:31 Loom
2:39 Loom
11:40 Feudal Age
13:05 Wheelbarrow
12:16 Town Watch
13:17 Double-Bit Axe
13:17 Horse Collar
20:48 Castle Age
21:51 Hand Cart
21:58 Hand Cart
21:44 Town Patrol
26:00 Man-at-Arms
Connection lost

Rejoining the realm…

Still unreachable

The connection could not be restored.

Session expired

The server has moved on; the page needs a fresh start.